 Dungeon Crawl Stone Soup version 0.25.0-9-g26727b657a (webtiles) character file.

Game seed: 946889879030176489

145 ANON1729 the Skirmisher (level 5, -29/46 HPs)
             Began as a Centaur Abyssal Knight on June 19, 2020.
             Was a Believer of Lugonu.
             Blown up by Ijyb (33 damage)
             ... with a disintegration bolt
             ... on level 3 of the Dungeon.
             The game lasted 00:04:06 (3438 turns).

ANON1729 the Skirmisher (Centaur Abyssal Knight)    Turns: 3438, Time: 00:04:06

Health: -29/46     AC:  8    Str: 22    XL:     5   Next: 6%
Magic:  5/7        EV:  9    Int: 11    God:    Lugonu [**....]
Gold:   95         SH:  0    Dex:  8    Spells: 4/4 levels left

rFire    + . .     SeeInvis .   a - +1 hand axe
rCold    . . .     Gourm    .   (no shield)
rNeg     . . .     Faith    .   b - +0 leather armour
rPois    .         Spirit   .   (no helmet)
rElec    .         Reflect  .   v - +2 cloak
rCorr    .         Harm     .   r - +0 pair of gloves
MR       .....                  (no barding)
Stlth    ..........             (no amulet)
HPRegen  0.15/turn              d - +6 ring of strength
MPRegen  0.10/turn              h - ring of protection from fire

@: very quick
A: large, hooves 3, deformed body, speed 2, tough skin 3
a: Depart the Abyss, Bend Space, Renounce Religion


You were on level 3 of the Dungeon.
You worshipped Lugonu.
Lugonu was pleased with you.
You were not hungry.

You visited 1 branch of the dungeon, and saw 4 of its levels.
You visited the Abyss 1 time.

You collected 95 gold pieces.

Inventory:

Hand Weapons
 a - a +1 hand axe (weapon)
 i - a +0 hunting sling
Missiles
 m - 58 bolts
 n - 18 poisoned darts (quivered)
 u - 19 arrows
Armour
 b - a +0 leather armour (worn)
 r - a +0 pair of gloves (worn)
 v - a +2 cloak (worn)
Jewellery
 d - a +6 ring of strength (left hand)
 h - a ring of protection from fire (right hand)
Scrolls
 g - a scroll of blinking {unknown}
 j - 2 scrolls of amnesia {unknown}
 k - a scroll of teleportation {unknown}
 l - a scroll of immolation {unknown}
 o - 4 scrolls of identify {unknown}
 p - a scroll of magic mapping {unknown}
 q - a scroll of enchant armour {unknown}
 s - 2 scrolls of remove curse {unknown}
 w - a scroll of random uselessness {unknown}
Potions
 e - 2 potions of cancellation {unknown}
 t - a potion of haste {unknown}
Comestibles
 c - 5 rations


   Skills:
 * Level 4.1 Fighting
 + Level 2.4 Axes
 + Level 1.2(1.5) Slings
 + Level 1.1(1.4) Throwing
 + Level 1.8 Armour
 + Level 1.2 Dodging
 + Level 2.7 Invocations


You had 4 spell levels left.
You didn't know any spells.
Your spell library was empty.

Dungeon Overview and Level Annotations

Branches:
Dungeon (4/15)
 Temple: D:4-7

Altars:
Fedhas
Yredelemnul

Annotations:
D:3 Ijyb


Innate Abilities, Weirdness & Mutations

You have hooves in place of feet.
Armour fits poorly on your strangely shaped body.
You cover ground very quickly.
You have extremely tough skin. (AC +3)


Message History

Ijyb hits you with a +2 dagger of speed.
You hit Ijyb but do no damage. Your kick misses Ijyb.
Ijyb is heavily wounded.
Ijyb hits you but does no damage.
Ijyb zaps a wand.
You barely resist. You barely miss Ijyb. Your kick misses Ijyb.
Ijyb is heavily wounded.
Ijyb hits you but does no damage.
You closely miss Ijyb. Your kick misses Ijyb.
Ijyb is heavily wounded.
Ijyb hits you but does no damage.
You barely miss Ijyb.
Ijyb is heavily wounded.
Ijyb hits you with a +2 dagger of speed.
Ijyb zaps a wand.
You are blasted!
* * * LOW HITPOINT WARNING * * *
You barely miss Ijyb.
Ijyb is heavily wounded.
Ijyb zaps a wand.
You are blasted!
Ouch! That really hurt!
You die...

##...#...#...#.##.#..#.#####.##.#
##.##..#..#.........#....##.##.#
#.##.#..#..#..#.#######.##.##.#
#>##...#...#.#.....#.......##..
###.##..#..#...##.#..#.########.#
....##.#..#........#.#.# #<#
######...#...#.#####...########.#
##..#..#.#.###...............
#..#..#....g@..############.#
##)...#.....##### #.......#
###..#.#..#...# #.#####.#
#.............##########.# #.#
#.######...##......>..)..# #.#
#.# #...################ #.# #.#
#.### #.. #.# #.# ### ##.# #.# #


You could see Ijyb.

Vanquished Creatures
  A hound (D:3)
  2 adders
  An adder skeleton (D:3)
  4 worms
  A dart slug (D:1)
  A leopard gecko (D:3)
  3 orcs (D:3)
  6 bats
  3 giant cockroaches
  10 hobgoblins
  7 jackals (D:3)
  7 kobolds
  2 quokkas
  2 ball pythons (D:3)
  4 frilled lizards
  13 goblins
  5 rats
72 creatures vanquished.

Notes
Turn   | Place    | Note
-------+----------+-------------------------------------------
     0 | Abyss:1  | ANON1729 the Centaur Abyssal Knight began the quest for the
                  | Orb.
     0 | Abyss:1  | Reached XP level 1. HP: 19/19 MP: 2/2
     2 | Abyss:1  | Found a corrupted altar of Lugonu.
   122 | Abyss:1  | Noticed a small abomination
   139 | Abyss:1  | Noticed a reaper
   141 | D:1      | Escaped the Abyss
   305 | D:1      | Reached XP level 2. HP: 26/26 MP: 3/3
   398 | D:1      | Reached * piety under Lugonu
  1312 | D:2      | Reached XP level 3. HP: 31/31 MP: 4/4
  2202 | D:3      | Found a blossoming altar of Fedhas.
  2453 | D:3      | Reached XP level 4. HP: 40/40 MP: 5/5
  2461 | D:3      | Reached skill level 1 in Dodging
  2573 | D:3      | Reached skill level 1 in Slings
  2590 | D:3      | Found a glowing drain.
  2728 | D:3      | Reached ** piety under Lugonu
  2758 | D:3      | Reached skill level 4 in Fighting
  3338 | D:3      | Found a basalt altar of Yredelemnul.
  3420 | D:4      | Noticed Ijyb
  3432 | D:3      | Reached skill level 1 in Throwing
  3432 | D:3      | Reached XP level 5. HP: 17/46 MP: 5/7
  3438 | D:3      | Blown up by Ijyb

Illustrated notes

Levels and vault maps discovered:
D:1:      lemuel_arrival_cross, layout_loops_cross
D:2:      layout_loops_corners, kennysheep_cluttered_room, serial_park_tiny_pond
D:3:      layout_loops_ring, lemuel_coloured_pillars_altar,
          cheibrodos_sewer_entry_drain, kennysheep_nub,
          minmay_misc_feat_diagonals, skrybe_limestone_x, fedhas_altar_1
D:4:      layout_cave_pools, grunt_qazlal_sundering,
          minmay_temple_entry_large_hall, uniq_ijyb

Skill      XL: |  1  2  3  4 |
---------------+-------------+-----
Axes           | 2 |  2.4
Dodging        | 1 |  1.2
Slings         | 1 |  1.2
Fighting       | 4 |  4.1
Throwing       | 1 |  1.1
Armour         | |  1.8
Invocations    | |  2.7

Action                   |  1- 3 |  4- 6 || total
-------------------------+-------+-------++-------
Melee: Hand axe          |    92 |    83 ||   175
       Kick              |    16 |    23 ||    39
Invok: Depart the Abyss  |     1 |       ||     1
  Eat: Chunk             |     3 |     3 ||     6
Armor: Leather armour    |    33 |    34 ||    67
Dodge: Dodged            |    48 |    45 ||    93
